 Dungeon Crawl Stone Soup version 0.29-a0-620-g13ace881f2 (webtiles) character file.

Game seed: 2112473449951819434

62 dolemite99 the Ruffian (level 3, -5/42 HPs)
             Began as a Draconian Transmuter on June 19, 2022.
             Slain by Natasha (7 damage)
             ... on level 2 of the Dungeon.
             The game lasted 00:01:33 (2056 turns).

dolemite99 the Ruffian (Draconian Transmuter)       Turns: 2056, Time: 00:01:34

Health: -5/42      AC: 21    Str: 14    XL:     3   Next: 85%
Magic:  5/6        EV:  2    Int: 13    God:
Gold:   39         SH:  0    Dex: 11    Spells: 5/6 levels left

rFire   . . .      SeeInvis .     - Unarmed
rCold   . . .      Faith    .   (no shield)
rNeg    . . .      Spirit   .   (body armour unavailable)
rPois   +          Reflect  .   (helmet currently unavailable)
rElec   .          Harm     .   (cloak currently unavailable)
rCorr   .          Rampage  .   (gloves currently unavailable)
Will    .....      NoTele   +   (boots currently unavailable)
Stlth   +.........              (no amulet)
HPRegen 0.14/turn               (no ring)
MPRegen 0.10/turn               (no ring)

@: tree-form
A: stationary, stasis, torment immunity, boosted hp, AC +5, unfitting armour,
(cold-blooded)
a: no special abilities


You were on level 2 of the Dungeon.
You were a tree.
You visited 1 branch of the dungeon, and saw 2 of its levels.

You collected 39 gold pieces.

Inventory:

Hand Weapons
 f - a +0 hunting sling
Armour
 h - an orb of guile
Scrolls
 b - a scroll of brand weapon {unknown}
 d - a scroll of immolation {unknown}
 g - a scroll of fear {unknown}
 i - a scroll of noise {unknown}
 k - a scroll of amnesia {unknown}
 l - a scroll of summoning {unknown}
 m - a scroll of blinking {unknown}
Potions
 a - 3 potions of lignification
 c - a potion of cancellation {unknown}
 e - 2 potions of degeneration {unknown}
 j - a potion of resistance {unknown}
 n - a potion of brilliance {unknown}


   Skills:
 - Level 1.1 Fighting
 - Level 1.7 Dodging
 + Level 4.0 Unarmed Combat
 - Level 2.0 Spellcasting
 + Level 3.2 Transmutations


You had 5 spell levels left.
You knew the following spells:

 Your Spells              Type           Power      Damage    Failure   Level
a - Beastly Appendage     Tmut           18%        N/A       7%          1

Your spell library contained the following spells:

 Spells                   Type           Power      Damage    Failure   Level
 Wereblood                Tmut           9%         N/A       10%         2
 Spider Form              Tmut/Pois      5%         N/A       36%         3
 Ice Form                 Ice/Tmut       5%         N/A       78%         4


Dungeon Overview and Level Annotations

Branches:
Dungeon (2/15)

Altars:

Annotations:
D:2 Natasha


Innate Abilities, Weirdness & Mutations

You are a tree.
Your roots penetrate the ground, keeping you stationary.
You cannot be teleported.
You are immune to unholy pain and torment.
Your maximum health is greatly increased.
Your equipment is partially melded.
((Your plain brown scales are hard. (AC +5)))
You cannot fit into any form of body armour.
((You are cold-blooded and may be slowed by cold attacks.))


Message History

Confirm with . or Enter, or press ? or * to list all spells.
You extend your transformation's duration.
You start resting.
Your transformation is almost over.
Magic restored.
You start resting.
Your horns disappear.
Your talons disappear.
Natasha, Servant of Life and Death comes into view.
Natasha is nearby!
Natasha is nearby!
Natasha is nearby!
Natasha hisses angrily.
Things that are here:
a +0 dagger; 3 stones; a kobold corpse
Casting: Beastly Appendage (safe; 7% risk of failure)
Confirm with . or Enter, or press ? or * to list all spells.
You grow a pair of large bovine horns.
Your feet morph into talons.
Your transformation is almost over.
Natasha mumbles some strange words.
You feel disoriented. Natasha claws you.
You barely miss Natasha. You claw Natasha.
Natasha is lightly wounded.
Natasha claws you.
You hit Natasha. Your headbutt misses Natasha.
Natasha is moderately wounded.
Natasha claws you.
* * * LOW HITPOINT WARNING * * *
You closely miss Natasha.
Natasha is moderately wounded.
Natasha mumbles some strange words.
Really quaff the potion of lignification?
Your horns disappear.
Your talons disappear.
You turn into a tree.
Your roots penetrate the ground.
Natasha claws you!
* * * LOW HITPOINT WARNING * * *
You hit Natasha.
Natasha is moderately wounded.
Natasha hisses.
Natasha claws you!
You die...

... #.# #.#..#
#.######.#######.####.#..###
#...÷............#.)........
#.####..#..#######.##.......
... ....###.........####†.##.
#.#.####..#..######..####..##.
#.#> ##...## ##.#.##...... #
#. ##.#######.###...#.##. #.
#.5h♣).....#[##...... #.
##########..#####.###
#..#........ #..#.###....
#K...# ##### #....# #5h..#
#..#.# #w.#...


You could see Natasha and a white imp (summoned).

Vanquished Creatures
  Natasha (D:2)
  2 worms (D:2)
  5 endoplasms
  3 goblins
  A hobgoblin (D:1)
  3 quokkas
  4 ball pythons (D:1)
  4 bats
  3 frilled lizards (D:1)
  3 kobolds
  3 rats
32 creatures vanquished.

Notes
Turn   | Place    | Note
-------+----------+-------------------------------------------
     0 | D:1      | dolemite99 the Draconian Transmuter began the quest for the
                  | Orb.
     0 | D:1      | Reached XP level 1. HP: 16/16 MP: 3/3
   372 | D:1      | Reached XP level 2. HP: 23/23 MP: 5/5
  1775 | D:2      | Reached XP level 3. HP: 28/28 MP: 4/6
  1882 | D:2      | Noticed Natasha
  1907 | D:2      | Killed Natasha
  1908 | D:2      | Reached skill level 4 in Unarmed Combat
  2048 | D:2      | Noticed Natasha
  2055 | D:2      | HP: 2/42 [Natasha (7)]
  2056 | D:2      | Slain by Natasha

Illustrated notes

Levels and vault maps discovered:
D:1:      evilmike_arrival_crescent, layout_loops_cross
D:2:      layout_loops_ring, uniq_natasha, uniq_terence

Skill      XL: |  1  2  3 |
---------------+----------+-----
Unarmed Combat | 4 |  4.0
Transmutations | 3 |  3.2
Fighting       | |  1.1
Dodging        | |  1.7
Spellcasting   | |  2.0

Action                   || total
-------------------------++-------
Melee: Unarmed           ||    92
       Tailslap          ||    13
       Punch             ||     5
       Kick              ||     7
       Headbutt          ||     5
 Cast: Beastly Appendage ||    12
  Use: Potion            ||     1
 Stab: Sleeping          ||     3
Armor: Skin              ||    34
Dodge: Dodged            ||    85

Table legend: (Time is in decaauts)
 A = Elapsed time spent in this place.
 B = Non-inter-level travel time spent in this place.
 C = Inter-level travel time spent in this place.
 D = Time resting spent in this place.
 E = Time spent auto-exploring this place.
 F = Levels seen in this place.
 G = Mean time per level.
                   A        B        C        D        E       F      G
               +--------+--------+--------+--------+--------+-----+--------+
         Total |   2061 |   1998 |     63 |    505 |   1157 |   2 | 1030.5 |
       Dungeon |   2061 |   1998 |     63 |    505 |   1157 |   2 | 1030.5 |
               +--------+--------+--------+--------+--------+-----+--------+

Top non-repeatable levels by time:
     D:1: 1150 daAuts
     D:2: 910 daAuts
